 Dungeon Crawl Stone Soup version 0.31-a0-188-g5e087ee2ca (webtiles) character file.

Game seed: 10152125970995655741

28 qw the Shooter (level 3, -1/20 HPs)
             Began as a Deep Elf Hunter on June 23, 2023.
             Slain by an ogre
             ... wielding a +0 giant spiked club
              (21 damage)
             ... on level 2 of the Dungeon.
             The game lasted 00:00:18 (793 turns).

qw the Shooter (Deep Elf Hunter)                     Turns: 793, Time: 00:00:19

Health: -1/20      AC:  5    Str: 10    XL:     3   Next: 0%
Magic:  5/5        EV: 11    Int: 13    God:
Gold:   60         SH:  5    Dex: 18    Spells: 2/2 levels left

rFire   . . .        Y - +0 shortbow
rCold   . . .        (shield currently unavailable)
rNeg    . . .        f - +0 ring mail
rPois   .            (no helmet)
rElec   .            (no cloak)
rCorr   .            (no gloves)
SInv    .            (no boots)
Will    .....        e - amulet of reflection
Stlth   +            (no ring)
HPRegen 0.23/turn    (no ring)
MPRegen 0.09/turn

%: reflection
@: no status effects
A: no striking features
a: no special abilities


You were on level 2 of the Dungeon.
You visited 1 branch of the dungeon, and saw 2 of its levels.

You collected 60 gold pieces.


   Skills:
 - Level 1.5 Fighting
 + Level 6.6 Ranged Weapons
 - Level 2.4 Dodging
 - Level 1.2 Stealth


You had 2 spell levels left.
You didn't know any spells.
Your spell library was empty.

Inventory:

Hand Weapons
 Y - a +0 shortbow (weapon)
Armour
 f - a +0 ring mail (worn)
Jewellery
 e - an amulet of reflection (around neck)
Scrolls
 g - a scroll of teleportation
 h - a scroll of identify
Potions
 a - a potion of magic {unknown}

Dungeon Overview and Level Annotations

Branches:
Dungeon (2/15)

Altars:


Message History

You feel momentarily disoriented.
It was a scroll of revelation.
Enter note:
Enter note:
Enter note: Done exploring.
698 ||| DROPPING scroll of butterflies.
You drop a scroll of butterflies.
Done exploring.
(D) Dungeon
Where to? (* - list waypoints, ? - help)
What level of the Dungeon? (default 1, ? - help)
There is an open door here.
You see here a +0 spear.
There is a stone staircase leading down here.
You climb downwards.
There is a stone staircase leading up here.
Waypoint 1 assigned to D:2.
You feel your willpower return.
a - a fuming brown potion You enter the shallow water.
Moving in this stuff is going to be slow.
A rat comes into view.
You shoot an arrow. The arrow hits the rat.
You kill the rat!
A goblin comes into view. It is wielding a +0 dagger.
You shoot an arrow. The arrow hits the goblin.
You kill the goblin!
You have reached level 3!
Your experience leads to an increase in your attributes!
Increase (S)trength, (I)ntelligence, or (D)exterity?
You feel stronger. x2
An ogre comes into view. It is wielding a +0 giant spiked club.
You shoot an arrow. The ogre shouts!
The arrow hits the ogre.
The ogre is lightly wounded.
You hear a shout!
The ogre hits you with a +0 giant spiked club!!
Ouch! That really hurt!
You die...

.## ... ##.###
..... ...
#.###O#########
#.....@.......#
#.....#######.#
#...........#.#
#...........#.#
..)............#
...............#
###############.#
#.........# #.#
#.#######.# #.#


You could see an ogre.

Vanquished Creatures
  A dart slug (D:1)
  3 ball pythons (D:1)
  2 endoplasms (D:1)
  4 goblins
  3 hobgoblins (D:1)
  2 quokkas (D:1)
  A bat (D:1)
  A frilled lizard (D:1)
  3 kobolds (D:1)
  6 rats
26 creatures vanquished.

Notes
Turn   | Place    | Note
-------+----------+-------------------------------------------
     0 | D:1      | qw the Deep Elf Hunter began the quest for the Orb.
     0 | D:1      | Reached XP level 1. HP: 12/12 MP: 3/3
     0 | D:1      | 0 ||| qw: Version: 0.3-a-9-g12657ce
     0 | D:1      | 0 ||| qw: Game counter: 4029
     0 | D:1      | 0 ||| qw: Always use a shield: true
     0 | D:1      | 0 ||| qw: God list: Okawaru
     0 | D:1      | 0 ||| qw: Allow faded altars: false
     0 | D:1      | 0 ||| qw: Do Orc after D:15 true
     0 | D:1      | 0 ||| qw: Do second Lair branch before Depths: true
     0 | D:1      | 0 ||| qw: Lair rune preference: random
     0 | D:1      | 0 ||| qw: Plans: Normal
     0 | D:1      | 0 ||| PLANNING D:1-11
    36 | D:1      | Found a faded altar of an unknown god.
    51 | D:1      | HP: 3/12 [quokka (2)]
   141 | D:1      | HP: 3/12 [constriction (1)]
   141 | D:1      | HP: 1/12 [hobgoblin (2)]
   147 | D:1      | Reached skill level 6 in Ranged Weapons
   147 | D:1      | Reached XP level 2. HP: 3/16 MP: 4/4
   675 | D:1      | 675 ||| UPGRADING to +0 ring mail.
   685 | D:1      | 685 ||| DROPPING +0 leather armour.
   686 | D:1      | 686 ||| UPGRADING to amulet of reflection.
   691 | D:1      | 691 ||| READING scroll labelled HIOTROADEA.
   692 | D:1      | 692 ||| READING 2 scrolls labelled BYSEOSUDGHO.
   696 | D:1      | 696 ||| READING 2 scrolls labelled YCUONA COXAKUI.
   697 | D:1      | 697 ||| READING scroll labelled GYUPTEBLIM.
   698 | D:1      | 698 ||| DROPPING scroll of butterflies.
   792 | D:2      | Reached XP level 3. HP: 20/20 MP: 5/5
   792 | D:2      | Noticed an ogre
   793 | D:2      | Slain by an ogre

Levels and vault maps discovered:
D:1:      amcnicky_arrival_flooded_fountain, layout_basic,
          chequers_ecumenical_altar_simple_redux, minmay_tiny_reverse_x
D:2:      layout_basic, serial_rivers, chequers_serial_rivers_micro_d,
          chequers_serial_rivers_room_b, chequers_serial_rivers_marsh,
          chequers_serial_rivers_micro_e

Skill      XL: |  1 |
---------------+----+-----
Ranged Weapons | 6 |  6.6
Fighting       | |  1.5
Dodging        | |  2.4
Stealth        | |  1.2

Action                     || total
---------------------------++-------
   Fire: Shortbow          ||    64
    Use: Scroll            ||     4
 Armour: Leather armour    ||     8
  Dodge: Dodged            ||    19

Table legend:
 A = Non-vault XP
 B = Vault XP
 C = Vault XP percentage of total XP
 D = Non-vault monster count
 E = Vault monster count
 F = Vault count percentage of total count
                 A         B        C        D         E       F
            +---------+---------+-------+---------+---------+-------
      Total |      38 |       3 |   7.3 |      24 |       2 |   7.7
            +---------+---------+-------+---------+---------+-------
        D:1 |      35 |       3 |   7.9 |      22 |       2 |   8.3
        D:2 |       3 |       0 |   0.0 |       2 |       0 |   0.0
            +---------+---------+-------+---------+---------+-------
